Map: Orbital Shipyard

Players

CaptRaynor

  • Race: Terran Terran
  • League: Grandmaster

Mullakrekar - Winner!

  • Race: Terran Terran
  • League: Grandmaster

VOD

Have the link to the VOD?

Description

Time

  • Played on: May 30, 2015, 5:34 p.m.
  • Length: 20:26
Show
View Real Time Build Order
Export as new Build Order

CaptRaynor Terran 

Build Orders: Command Center First (CC) 

Get SALT Encoding   

  12  0:02  SCV  
  13  0:16  SCV  
  14  0:29  SCV  
  15  0:41  Supply Depot  
  15  0:56  Command Center  
  15  1:05  Barracks  
  15  1:07  SCV  
  16  1:20  SCV  
  16  1:23  Refinery  
  17  1:26  Refinery  
  17  1:32  SCV  
  18  1:45  SCV  
  19  1:55  Supply Depot  
  19  1:57  Orbital Command  
  19  2:08  Orbital Command  
  19  2:14  Marine  
  20  2:26  Factory  
  20  2:38  SCV x2  
  22  2:47  Barracks Reactor  
  22  2:50  SCV x2  
  24  3:02  SCV x2  
  26  3:13  Refinery  
  26  3:14  SCV x2  
  26  3:17  Factory Tech Lab, Starport  
  28  3:28  SCV x2  
  30  3:40  SCV x2, Marine x2  
  34  3:49  Refinery  
  34  3:52  SCV x2  
  36  3:59  Command Center, Marine x2  
  38  4:07  Fusion Core  
  37  4:10  SCV x2  
  39  4:19  Marine x2  
  39  4:22  SCV x2  
  43  4:27  Supply Depot x2  
  43  4:35  SCV x2  
  45  4:56  Armory  
  45  5:00  SCV x2  
  45  5:01  Supply Depot  
  45  5:03  Battlecruiser  
  45  5:04  Behemoth Reactor  
  53  5:12  Starport, Marine x2  
  53  5:13  SCV x2  
  57  5:25  SCV x2  
  59  5:30  Engineering Bay  
  59  5:31  Marine x2  
  61  5:37  SCV  
  61  5:38  SCV  
  63  5:48  Terran Ship Weapons Level 1  
  63  5:50  Armory  
  63  5:51  Starport Tech Lab  
  63  5:56  Marine x2  
  65  6:00  Supply Depot, SCV x2  
  67  6:04  Weapon Refit  
  67  6:06  Hi-Sec Auto Tracking  
  67  6:15  Marine  
  67  6:16  Marine  
  67  6:25  Supply Depot  
  60  7:04  Missile Turret  
  60  7:13  Missile Turret  
  60  7:16  Battlecruiser, Liberator  
  60  7:19  Terran Ship Armor Level 1  
  60  7:20  Marine  
  60  7:21  Marine  
  68  7:25  Missile Turret  
  68  7:33  Supply Depot  
  68  7:34  Missile Turret  
  70  7:38  SCV  
  71  7:51  Terran Ship Weapons Level 2  
  71  7:55  Missile Turret  
  71  8:02  SCV, Refinery  
  72  8:14  SCV  
  72  8:16  Marine x2  
  75  8:21  Battlecruiser x2  
  75  8:26  SCV  
  88  8:29  Refinery  
  88  8:49  Marine  
  88  8:52  SCV  
  90  9:04  SCV  
  90  9:08  Terran Infantry Weapons Level 1  
  91  9:12  Barracks  
  91  9:16  Planetary Fortress  
  91  9:18  Liberator  
  91  9:21  Liberator  
  91  9:23  Terran Ship Armor Level 2  
  95  9:46  Marine x2  
  97  9:54  SCV  
  98  10:00  Barracks  
  98  10:02  Barracks Tech Lab  
  98  10:10  Marine x2  
  98  10:11  Unknown  
  100  10:38  Liberator x2  
  100  11:08  Marine x2  
  100  11:10  Combat Shields  
  102  11:12  Barracks Tech Lab  
  102  11:34  Missile Turret  
  102  11:37  Supply Depot  
  102  11:47  Marine x2  
  102  11:52  Marine x2  
  106  11:55  Stimpack  
  106  11:56  Missile Turret  
  106  12:00  Supply Depot  
  106  12:10  Marauder x2  
  110  12:17  Missile Turret  
  110  12:28  Battlecruiser x2  
  120  12:38  Terran Ship Weapons Level 3  
  120  12:39  Terran Ship Armor Level 3, Missile Turret  
  120  12:40  Terran Infantry Weapons Level 2  
  82  13:05  Marine x2  
  73  13:06  Marauder x2  
  73  13:12  Supply Depot  
  77  13:24  Marine x2  
  79  13:27  Marauder x2  
  83  13:34  Command Center, Supply Depot  
  83  13:43  Command Center, Marine x2  
  83  13:46  Battlecruiser x2  
  97  13:49  Marauder x2  
  97  13:54  Factory Reactor  
  101  13:59  Concussive Shells  
  101  14:20  Marine x2  
  101  14:22  Marauder x2  
  107  14:36  Widow Mine x2  
  111  14:42  Marine  
  111  14:43  Marauder, Marine  
  111  14:44  Marauder  
  117  15:03  Supply Depot  
  117  15:11  Liberator  
  117  15:12  Liberator  
  117  15:14  Starport  
  117  15:15  Terran Vehicle Weapons Level 1  
  117  15:16  Terran Vehicle Armor Level 1, Widow Mine x2  
  121  15:22  Marine x2  
  121  15:23  Marauder  
  121  15:24  Marauder  
  121  15:26  Supply Depot  
  131  15:35  Terran Infantry Weapons Level 3  
  131  15:46  Marine x2  
  131  15:47  Marauder x2  
  137  15:57  Widow Mine x2  
  137  16:00  Liberator x2  
  141  16:05  Starport Reactor  
  141  16:07  Marine  
  141  16:11  Marine x2  
  143  16:12  Marauder  
  150  16:28  Liberator x2  
  154  16:47  Marine x3  
  154  16:48  Marine  
  158  17:00  Viking x2  
  154  17:45  Marine x2  
  154  17:47  Marine x2  
  141  17:53  Supply Depot x2  
  141  17:55  Supply Depot x3  
  141  17:58  Supply Depot  
  137  18:13  Terran Infantry Armor Level 1  
  137  18:34  Liberator  
  137  18:35  Liberator  
  137  18:36  Marauder, Marine x2  
  137  18:37  Marauder  
  135  18:53  Viking x2  
  143  19:13  Marine  
  143  19:14  Marine x3  
  147  19:29  Refinery  
  147  19:33  Refinery  
  147  19:49  Marine  
  147  19:50  Marine x3  
Show
View Real Time Build Order
Export as new Build Order

Mullakrekar Terran - Winner!

Build Orders: Liberator Opening 

Get SALT Encoding   

  12  0:01  SCV  
  13  0:13  SCV  
  14  0:20  Supply Depot  
  14  0:25  SCV  
  15  0:41  SCV  
  16  0:49  Refinery  
  16  0:53  SCV  
  16  0:55  Barracks  
  17  1:06  SCV  
  18  1:18  SCV  
  19  1:27  Command Center  
  19  1:31  SCV  
  20  1:43  Supply Depot  
  20  1:47  Orbital Command  
  20  1:53  Marine  
  21  2:01  Factory  
  21  2:11  Marine  
  22  2:27  SCV  
  23  2:39  Refinery  
  23  2:40  Orbital Command  
  23  2:42  SCV  
  23  2:44  Refinery  
  24  2:47  Bunker  
  24  2:50  Starport  
  24  2:54  Factory Tech Lab, SCV  
  25  3:04  Engineering Bay  
  26  3:05  SCV  
  26  3:06  SCV  
  27  3:17  SCV  
  28  3:23  SCV  
  28  3:24  Engineering Bay  
  29  3:29  Supply Depot, SCV  
  30  3:42  SCV x2  
  30  3:43  Armory, Liberator  
  32  3:48  Refinery  
  32  3:50  Missile Turret  
  32  3:54  SCV, Missile Turret  
  32  3:55  SCV  
  36  4:06  SCV  
  37  4:10  SCV  
  37  4:13  Supply Depot  
  38  4:19  SCV  
  38  4:22  Factory Tech Lab, SCV  
  40  4:26  Liberator  
  40  4:31  SCV  
  41  4:34  SCV  
  42  4:40  Siege Tank, Starport  
  42  4:43  SCV  
  48  4:46  SCV  
  49  4:55  SCV, Supply Depot  
  49  4:58  SCV  
  51  5:03  Command Center  
  51  5:09  SCV  
  51  5:13  SCV, Liberator  
  51  5:14  Liberator  
  53  5:15  Supply Depot  
  53  5:16  Supply Depot  
  54  5:21  SCV  
  54  5:25  SCV  
  55  5:33  SCV  
  60  5:44  Factory Tech Lab  
  60  5:45  Armory, SCV x2  
  60  5:47  Starport  
  60  5:49  Supply Depot  
  62  5:56  Supply Depot x2  
  62  5:57  SCV x2  
  62  5:58  Supply Depot  
  62  5:59  Unknown  
  64  6:09  SCV x2  
  66  6:21  SCV x2  
  68  6:28  SCV  
  68  6:30  Starport Reactor  
  68  6:31  Liberator x2  
  69  6:33  SCV  
  69  6:35  SCV  
  71  6:46  SCV x2  
  71  6:51  SCV  
  74  6:55  Supply Depot x2  
  74  6:56  Supply Depot  
  74  6:58  Supply Depot, SCV x2, Liberator  
  76  7:13  Liberator  
  76  7:14  Liberator  
  78  7:15  Viking  
  78  7:18  Orbital Command  
  78  7:21  Command Center  
  80  7:30  Terran Ship Armor Level 1, Terran Ship Weapons Level 1  
  80  7:31  Command Center  
  84  7:40  SCV  
  85  7:46  Supply Depot x3, Starport  
  85  7:47  Supply Depot, SCV x2  
  87  7:56  Liberator  
  87  7:57  Starport  
  87  7:58  SCV  
  87  8:00  Starport  
  87  8:01  SCV  
  89  8:12  Refinery  
  89  8:13  Banshee, Missile Turret  
  89  8:16  Refinery  
  89  8:19  SCV x2  
  90  8:41  SCV  
  90  8:47  Sensor Tower  
  91  8:48  Orbital Command  
  91  8:54  SCV  
  91  8:55  Missile Turret  
  92  8:57  SCV, Missile Turret  
  93  9:04  Starport Tech Lab  
  93  9:05  Starport Tech Lab  
  93  9:06  Raven  
  93  9:08  Durable Materials  
  97  9:13  Corvid Reactor  
  97  9:14  Cloaking Field  
  97  9:15  SCV x2, Missile Turret  
  97  9:23  SCV  
  98  9:31  Planetary Fortress  
  98  9:40  SCV, Refinery  
  98  9:41  Refinery  
  98  9:45  SCV  
  100  9:50  Raven  
  100  9:52  Viking x2  
  106  9:56  Banshee  
  106  9:58  Orbital Command  
  109  10:00  Refinery  
  109  10:03  Command Center, Refinery  
  109  10:05  Refinery x2  
  109  10:06  Missile Turret  
  109  10:08  Missile Turret  
  109  10:10  Missile Turret  
  109  10:11  Liberator  
  109  10:13  Missile Turret  
  109  10:14  Missile Turret  
  109  10:18  Missile Turret  
  109  10:26  Banshee, Viking, Raven  
  114  10:35  Sensor Tower  
  111  10:36  Refinery  
  111  10:37  Command Center, Missile Turret  
  111  10:39  Refinery  
  92  10:50  Banshee, Viking, Raven  
  92  10:56  Viking  
  95  10:58  Missile Turret  
  92  11:08  Banshee  
  95  11:13  Missile Turret x3  
  95  11:14  Raven, Missile Turret x3  
  95  11:16  Missile Turret  
  95  11:17  Missile Turret  
  95  11:20  Banshee, SCV x2  
  95  11:21  SCV x2  
  102  11:26  Viking  
  105  11:32  SCV  
  105  11:33  SCV, Raven  
  108  11:43  Viking, Raven  
  108  11:44  SCV x2  
  108  11:45  Command Center  
  114  11:51  Banshee  
  114  11:53  Missile Turret  
  117  11:56  Planetary Fortress  
  117  12:01  SCV x2  
  117  12:02  SCV x2  
  117  12:06  Missile Turret  
  117  12:07  Missile Turret  
  117  12:08  Missile Turret  
  121  12:11  Banshee, Viking, Raven  
  121  12:13  SCV, Missile Turret  
  121  12:14  SCV x3  
  131  12:21  Terran Ship Weapons Level 2  
  130  12:24  Terran Ship Armor Level 2  
  117  12:49  SCV x3  
  120  12:56  SCV x2  
  119  13:01  SCV x3  
  116  13:06  Missile Turret  
  116  13:07  Missile Turret  
  116  13:08  SCV  
  116  13:09  SCV  
  118  13:13  SCV x3  
  121  13:20  SCV  
  121  13:21  SCV  
  121  13:25  SCV x2  
  125  13:28  Command Center  
  125  13:29  Missile Turret  
  125  13:30  SCV  
  125  13:32  Missile Turret  
  125  13:33  SCV, Missile Turret  
  127  13:35  SCV  
  127  13:36  Refinery  
  127  13:37  SCV x2  
  130  13:42  SCV  
  130  13:45  SCV  
  130  13:47  SCV  
  133  13:49  SCV x2  
  133  13:50  Missile Turret  
  133  13:54  SCV  
  136  13:58  SCV  
  136  13:59  SCV  
  136  14:02  Command Center, Raven x2  
  138  14:03  Raven x2  
  138  14:04  Missile Turret  
  138  14:06  Raven  
  138  14:09  Viking  
  150  14:10  SCV  
  150  14:11  SCV  
  150  14:12  SCV, Missile Turret  
  150  14:14  SCV x2  
  155  14:17  Liberator  
  155  14:21  Liberator  
  155  14:23  SCV x2  
  155  14:24  SCV  
  158  14:26  SCV x2  
  158  14:28  Liberator  
  160  14:35  SCV x2  
  160  14:36  SCV  
  165  14:39  SCV  
  165  14:44  Planetary Fortress, Refinery  
  165  14:45  Raven x2  
  168  14:46  Raven  
  168  14:49  Raven  
  168  14:52  SCV  
  179  14:55  Missile Turret  
  179  14:57  Missile Turret  
  179  15:00  Missile Turret x2  
  179  15:01  SCV  
  179  15:04  Sensor Tower  
  180  15:09  SCV  
  181  15:17  Planetary Fortress  
  181  15:18  Refinery  
  181  15:19  SCV  
  181  15:20  SCV  
  183  15:21  Viking  
  185  15:30  Sensor Tower  
  185  15:31  Missile Turret  
  185  15:34  Refinery  
  185  15:35  Banshee, Raven, Missile Turret  
  185  15:36  SCV, Viking, Missile Turret  
  193  15:54  Command Center x2  
  193  15:55  Missile Turret  
  193  15:57  Refinery x2, Missile Turret x2  
  193  15:59  Missile Turret  
  193  16:06  SCV x3  
  193  16:08  SCV, Raven  
  199  16:17  Missile Turret x2  
  199  16:20  SCV  
  199  16:21  Missile Turret  
  199  16:22  Missile Turret  
  199  16:37  Sensor Tower  
  199  16:38  SCV, Refinery  
  199  16:48  Missile Turret  
  199  16:51  Missile Turret  
  199  17:00  Terran Ship Armor Level 3, Missile Turret, Terran Ship Weapons Level 3  
  199  17:02  Fusion Core  
  199  17:03  Refinery  
  199  17:07  Sensor Tower  
  198  17:21  Missile Turret  
  195  17:27  Command Center  
  195  17:29  Command Center, Missile Turret  
  194  17:31  Command Center x2  
  194  17:34  Command Center  
  193  17:38  Command Center  
  193  17:47  Command Center  
  193  17:53  Refinery  
  193  17:55  Refinery  
  193  17:57  Planetary Fortress  
  193  18:02  Missile Turret x2  
  193  18:04  Missile Turret  
  193  18:14  Sensor Tower  
  193  18:17  Missile Turret  
  193  18:22  Missile Turret  
  193  18:26  Command Center  
  193  18:27  Missile Turret  
  193  18:29  Missile Turret  
  193  18:30  Missile Turret  
  193  18:31  Missile Turret  
  193  18:32  Missile Turret  
  193  18:40  Sensor Tower  
  191  18:47  Command Center  
  191  18:56  Orbital Command  
  191  18:57  Orbital Command x3  
  191  18:58  Orbital Command  
  191  18:59  Orbital Command  
  191  19:02  SCV  
  192  19:04  Command Center  
  192  19:09  Command Center  
  192  19:17  Command Center  
  192  19:25  Refinery  
  192  19:29  Command Center  
  192  19:31  SCV  
  193  19:33  Refinery, Missile Turret  
  193  19:38  Missile Turret  
  193  19:39  Missile Turret  
  193  19:41  Missile Turret  
  193  19:50  Refinery  
  188  19:53  Refinery  
  188  19:58  Refinery  
  180  20:17  Missile Turret  
  180  20:18  Command Center, Missile Turret  
Tags
 
Add a new tag
Caveats
  • Supply blocks, unpowered buildings, or Contaminate may cause inaccurate times.
  • Supply counts are checked every 10 seconds.